 Dungeon Crawl Stone Soup version 0.30.1 (webtiles) character file.

Game seed: 11405270354521132463

254 Graphine the Chopper (level 6, 0/53 HPs)
             Began as a Hill Orc Monk on July 5, 2023.
             Was a Believer of Beogh.
             Slain by a gnoll
             ... wielding a +0 spear
             ... led by a gnoll bouda
              (3 damage)
             ... on level 4 of the Dungeon.
             The game lasted 00:05:27 (2480 turns).

Graphine the Chopper (Hill Orc Monk)                Turns: 2480, Time: 00:05:27

Health: 0/53       AC:  6    Str: 16    XL:     6   Next: 15%
Magic:  8/8        EV:  6    Int: 13    God:    Beogh [**....]
Gold:   1446       SH:  0    Dex: 13    Spells: 5/5 levels left

rFire   + . .        b - +4 broad axe "Dragon's Tongue" {flame, rF+ Int+3}
rCold   . . .        n - +3 buckler "Foduexoxt" {rCorr}
rNeg    . . .        f - +1 ring mail
rPois   .            (no helmet)
rElec   .            (no cloak)
rCorr   +            (no gloves)
SInv    .            (no boots)
Will    .....        (no amulet) Stlth
                     (no ring)
HPRegen 0.28/turn    (no ring)
MPRegen 0.11/turn

%: no passive effects
@: confused, weak-willed, ambrosia-drunk, held
A: no striking features
a: Renounce Religion, Smiting


You were on level 4 of the Dungeon.
You worshipped Beogh.
Beogh was pleased with you.
You visited 1 branch of the dungeon, and saw 4 of its levels.

You collected 1446 gold pieces.

Inventory:

Hand Weapons
 a - a +0 hand axe of electrocution
 b - the +4 broad axe "Dragon's Tongue" (weapon) {flame, rF+ Int+3}
   (You acquired it on level 3 of the Dungeon)

   Int:       It affects your intelligence (+3).
   rF:        It protects you from fire.
Armour
 d - an orb of light
 f - a +1 ring mail (worn)
 n - the +3 buckler "Foduexoxt" (worn) {rCorr}
   (You acquired it on level 3 of the Dungeon)

   rCorr:     It protects you from acid and corrosion.
Magical Staves
 k - a staff of earth
Jewellery
 m - a ring of resist corrosion
Scrolls
 i - a scroll of identify
Potions
 e - a potion of berserk rage {unknown}
 g - a potion of brilliance
 h - 2 potions of magic
 j - a potion of curing {unknown}


   Skills:
 + Level 4.6 Fighting
 * Level 6.1 Axes
 + Level 2.2 Armour
 - Level 3.0 Dodging
 * Level 3.1 Invocations


You had 5 spell levels left.
You didn't know any spells.
Your spell library contained the following spells:

 Spells                   Type           Power      Damage    Failure   Level
 Magic Dart               Conj           0%         1d3       61%         1
 Scorch                   Fire           0%         2d5       75%         2
 Searing Ray              Conj           0%         2d4       75%         2
 Ozocubu's Armour         Ice            0%         N/A       93%         3
 Flame Wave               Conj/Fire      0%         2d4       100%        4
 Fulminant Prism          Conj/Hex       0%         3d5       100%        4
 Metabolic Englaciation   Hex/Ice        0%         N/A       100%        5
 Simulacrum               Ice/Necr       0%         N/A       100%        6
 Summon Cactus Giant      Summ           0%         N/A       100%        6


Dungeon Overview and Level Annotations

Branches:
Dungeon (4/15)
 Temple: D:4-7

Altars:
The Shining One
Beogh


Message History

Press: ? - help, Dir - move target, f/p - gnoll
Aim: a gnoll, wielding a +0 whip (covering ground quickly, about 34% to evade the +4 broad axe "Dragon's Tongue")
You barely miss the gnoll. You closely miss the iguana. The iguana bites you!
You block the gnoll's attack. x2; The iguana barely misses you.
Unknown command.
Cleave: b) +4 broad axe "Dragon's Tongue" {flame, rF+ Int+3}
Press: ? - help, Dir - move target, f/p - gnoll
Aim: a gnoll, wielding a +0 whip (covering ground quickly, about 34% to evade the +4 broad axe "Dragon's Tongue")
You slash the gnoll! You burn the gnoll.
You kill the gnoll!
Beogh accepts your kill.
You closely miss the iguana. The gnoll barely misses you.
You block the iguana's attack.
The gnoll throws a throwing net.
The throwing net hits you.
You become entangled in the net!
The gnoll hits you from afar with a +0 spear.
You cannot attack while held in a net.
You tear a large gash into the net.
The iguana closely misses you.
The gnoll hits you from afar with a +0 spear.
You struggle against the net.
The gnoll is no longer moving quickly.
The gnoll hits you with a +0 whip.
The iguana bites you but does no damage.
The gnoll barely misses you.
You struggle against the net.
The gnoll hits you with a +0 whip. The iguana bites you.
* * * LOW HITPOINT WARNING * * *
The gnoll hits you from afar with a +0 spear.
* * * LOW HITPOINT WARNING * * *
Okay, then.
Okay, then.
You are confused.
You feel invigorated.
The gnoll is no longer moving quickly.
The gnoll closely misses you. The iguana bites you!
* * * LOW HITPOINT WARNING * * *
The gnoll hits you from afar with a +0 spear.
* * * LOW HITPOINT WARNING * * *
You struggle against the net.
The gnoll hits you with a +0 whip!
* * * LOW HITPOINT WARNING * * *
The iguana bites you but does no damage.
The gnoll hits you from afar with a +0 spear.
You die...

. . .# #. #.
# #. ##.##..
##.##g......
#..@g$..#
#.l##.#.#
#.. ... #.#
.#.# #. ##.#
#. # #


You could see an iguana and 2 gnolls.

Vanquished Creatures
  An ogre (D:4)
  A gnoll bouda (D:4)
  An orc priest (D:3)
  A gnoll (D:4)
  5 adders
  3 worms
  3 orcs (D:3)
  5 ball pythons
  2 endoplasms (D:2)
  4 giant cockroaches
  3 goblins (D:1)
  5 hobgoblins
  2 quokkas
  6 bats
  4 frilled lizards
  6 kobolds
  3 rats
55 creatures vanquished.

Notes
Turn   | Place    | Note
-------+----------+-------------------------------------------
     0 | D:1      | Graphine the Hill Orc Monk began the quest for the Orb.
     0 | D:1      | Reached XP level 1. HP: 19/19 MP: 1/1
   176 | D:1      | Reached XP level 2. HP: 27/27 MP: 2/2
   684 | D:2      | Reached skill level 1 in Armour
   684 | D:2      | Reached XP level 3. HP: 33/33 MP: 3/3
  1508 | D:3      | Reached skill level 5 in Axes
  1508 | D:3      | Reached XP level 4. HP: 30/40 MP: 4/4
  1519 | D:3      | Became a worshipper of Beogh the Brigand
  1519 | D:3      | Reached * piety under Beogh
  1519 | D:3      | Reached ** piety under Beogh
  1546 | D:3      | Found a glowing golden altar of the Shining One.
  1830 | D:3      | Reached skill level 1 in Invocations
  1960 | D:3      | Found a roughly hewn altar of Beogh.
  1971 | D:3      | Reached XP level 5. HP: 14/47 MP: 4/6
  2433 | D:3      | Identified 3 scrolls of acquirement
  2433 | D:3      | Acquired the +3 buckler "Foduexoxt" {rCorr}
  2448 | D:3      | Acquired 1244 gold pieces
  2450 | D:3      | Acquired the +4 broad axe "Dragon's Tongue" {flame, rF+
                  | Int+3}
  2459 | D:4      | Noticed an ogre
  2467 | D:4      | Killed an ogre
  2468 | D:4      | Reached skill level 6 in Axes
  2472 | D:4      | Reached XP level 6. HP: 38/53 MP: 6/8
  2480 | D:4      | Slain by a gnoll

Illustrated notes

Levels and vault maps discovered:
D:1:      amcnicky_arrival_blooded_trapdoor, layout_basic
D:2:      layout_basic
D:3:      layout_basic, tso_oasis_becter, kennysheep_orc_chapel
D:4:      layout_loops_cross, minmay_ogre_servants

Skill      XL: |  1  2  3  4  5 |
---------------+----------------+-----
Armour         | 1 2 |  2.2
Fighting       | 4 |  4.6
Dodging        | 3 |  3.0
Axes           | 5 6 |  6.1
Invocations    | 1 3 |  3.1

Action                     |  1- 3 |  4- 6 || total
---------------------------+-------+-------++-------
  Melee: Hand axe          |   100 |    41 ||   141
         Broad axe         |       |    11 ||    11
 Invoke: Convert to Beogh  |       |     1 ||     1
    Use: Scroll            |     6 |     5 ||    11
         Potion            |       |     1 ||     1
 Armour: Ring mail         |    27 |    18 ||    45
  Dodge: Dodged            |    57 |    32 ||    89
  Block: Buckler           |       |     9 ||     9
